Boston Bruins vs Washington Capitals

Created - dimanche 3 février 2019 at 19:00

Goals
1 2 3 T
Boston Bruins 0 1 1 2
Washington Capitals 1 0 3 4
Shots
1 2 3 T
Boston Bruins 7 14 9 30
Washington Capitals 8 6 16 30

1st period

1. Washington Capitals , Alex Ovechkin 24 (Evgeny Kuznetsov 30, Nicklas Backstrom 18) at 14:24 (PP)

Penalties :
Tim Schaller (BOS) for Holding (Minor) at 2:43, Brad Marchand (BOS) for Tripping (Minor) at 14:18

2nd period

2. Boston Bruins , Brad Marchand 21 (Derek MacKenzie 2) at 16:35

Penalties :
Jonathan Marchessault (BOS) for Diving (Minor) at 3:21, Madison Bowey (WSH) for Slashing (Minor) at 11:21

3rd period

3. Boston Bruins , Tim Schaller 3 (Brandon Carlo 3, Derek MacKenzie 3) at 7:58
4. Washington Capitals , Patrick Marleau 14 (Nicklas Backstrom 19, Zach Parise 8) at 12:18
5. Washington Capitals , Justin Williams 6 (Jay Beagle 7, Alex Ovechkin 21) at 18:16
6. Washington Capitals , Chandler Stephenson 6 (Jason Demers 13, John Carlson 25) at 19:24 (Empty Net)

Penalties :
T.J. Oshie (WSH) for Hooking (Minor) at 2:20, Jason Demers (WSH) for Hooking (Minor) at 15:07

Goalie Stats

Aaron Dell (BOS), 26 saves from 29 shots - (0.897), L, 4-5-0, 59:41 minutes
Philipp Grubauer (WSH), 28 saves from 30 shots - (0.933), W, 8-4-2, 60:00 minutes

Players Stats for Boston Bruins

Player Name              G  A  P  +/- PIM S  H  SB GA TA FO     MP     PP MP  PK MP  
------------------------------------------------------------------------------------
Adam McQuaid             0  0  0   0  0   2  5  1  0  0  0/0    18:06   0:54   0:00 
Antoine Roussel          0  0  0  -1  0   3  5  1  0  1  0/0    16:36   0:04   0:43 
Brad Marchand            1  0  1   1  2   2  0  0  1  0  0/0     9:36   0:00   0:00 
Brandon Carlo            0  1  1   0  0   2  1  0  0  1  0/0    16:56   2:08   1:54 
Charlie McAvoy           0  0  0  -2  0   1  3  2  0  1  0/0    25:47   3:12   2:10 
David Pastrnak           0  0  0  -1  0   1  2  0  0  1  0/0    17:10   2:06   0:00 
Derek MacKenzie          0  2  2   1  0   1  0  1  0  0  2/5    11:24   0:00   1:39 
Joe Pavelski             0  0  0  -1  0   3  1  1  1  1  2/2    17:31   3:47   0:06 
Jonathan Marchessault    0  0  0  -1  2   0  3  1  2  2  0/2    17:43   3:46   0:00 
Kevan Miller             0  0  0   0  0   1  3  2  0  0  0/0    20:55   0:35   0:00 
Riley Nash               0  0  0   0  0   3  0  1  0  1  4/13   14:55   2:06   1:57 
Ryan Donato              0  0  0   0  0   1  0  0  0  0  0/1    11:15   0:00   0:00 
Ryan O'Reilly            0  0  0  -1  0   2  1  1  0  0  8/17   19:04   3:51   1:45 
Ryan Spooner             0  0  0   0  0   0  2  0  0  0  0/0    11:25   0:05   0:00 
Tim Schaller             1  0  1   1  2   1  2  0  0  0  0/0    10:30   0:04   0:45 
Torey Krug               0  0  0   0  0   1  2  0  0  2  0/0    18:49   2:38   2:10 
Tyler Seguin             0  0  0  -1  0   5  1  0  2  0  15/23  18:58   2:06   1:13 
Will Butcher             0  0  0   0  0   1  2  1  0  0  0/0    19:13   2:23   1:54 

Players Stats for Washington Capitals

Player Name              G  A  P  +/- PIM S  H  SB GA TA FO     MP     PP MP  PK MP  
------------------------------------------------------------------------------------
Alex Ovechkin            1  1  2   0  0   2  3  0  1  0  1/3    19:26   2:07   2:52 
Brett Connolly           0  0  0  -1  0   0  2  0  0  0  0/0    12:35   0:06   0:15 
Chandler Stephenson      1  0  1   1  0   2  3  1  0  0  5/6    10:13   0:06   0:12 
Dmitry Orlov             0  0  0  -1  0   1  0  1  0  1  0/0    18:20   1:52   3:32 
Evgeny Kuznetsov         0  1  1   0  0   2  1  0  0  0  5/19   16:34   2:07   0:00 
Jakub Vrana              0  0  0   1  0   2  1  0  2  0  0/0     9:02   0:00   0:00 
Jason Demers             0  1  1   1  2   0  2  2  0  0  0/0    19:26   0:00   0:20 
Jay Beagle               0  1  1  -1  0   0  1  1  0  0  8/14   15:08   0:06   2:53 
John Carlson             0  1  1   1  0   3  0  3  2  2  0/0    24:26   1:52   2:25 
Jordie Benn              0  0  0   0  0   2  1  2  0  1  0/0    18:56   0:00   2:25 
Jussi Jokinen            0  0  0   1  0   0  1  0  0  0  0/0    12:16   0:00   2:46 
Justin Williams          1  0  1  -1  0   2  3  2  0  0  0/0    17:01   2:12   2:56 
Madison Bowey            0  0  0   0  2   1  0  1  0  0  0/0    12:23   0:00   0:00 
Matt Niskanen            0  0  0   1  0   2  0  2  0  1  0/0    23:47   2:12   3:12 
Nicklas Backstrom        0  2  2   1  0   5  2  0  2  0  10/15  16:16   2:07   0:00 
Patrick Marleau          1  0  1   1  0   3  1  0  1  0  3/4    15:54   1:51   0:00 
T.J. Oshie               0  0  0   0  2   1  3  0  1  1  0/0    16:23   1:51   0:00 
Zach Parise              0  1  1   1  0   2  1  1  1  0  0/2    15:54   1:51   0:00 

3 Stars

1 - Alex Ovechkin (WSH)
2 - Chandler Stephenson (WSH)
3 - Nicklas Backstrom (WSH)

Power Play

Boston Bruins - 0 on 3 Attempt(s) - 0.00%
Washington Capitals - 1 on 3 Attempt(s) - 33.33%

Penalty Kill

Boston Bruins - 2 on 3 Attempt(s) - 66.67% - Score 0 goal in Penalty Kill
Washington Capitals - 3 on 3 Attempt(s) - 100.00% - Score 0 goal in Penalty Kill

Team Stat

Boston Bruins - Hits : 33 - Faceoff Wins : 31 - Blocked Shots : 12 - Penalty Minutes : 6
Washington Capitals - Hits : 25 - Faceoff Wins : 32 - Blocked Shots : 16 - Penalty Minutes : 6

Official

Referees : Jean Hebert and Kelly Sutherland
Linesman : Matt MacPherson and Devin Berg

Game Notes

Torey Krug is injured at 10:49 of 3rd period (Left Knee)
Chandler Stephenson has scored in a empty net!

Finance

Level 1 -- Attendance: 10000 (100.00%) -- Ticket Income fr. 800'000
Level 2 -- Attendance: 2000 (100.00%) -- Ticket Income fr. 126'000
Level 3 -- Attendance: 3500 (100.00%) -- Ticket Income fr. 115'500
Level 4 -- Attendance: 1450 (100.00%) -- Ticket Income fr. 29'000
Luxury Box -- Attendance: 50 (100.00%) -- Ticket Income fr. 10'000
Game was played at the Verizon Center.
Total Attendance: 17000 (100.00%)
Total Ticket Income: fr. 1'080'500
Total Income: fr. 1'080'500

Boston Bruins

5 vs 5 Forward 
   Center                   Left Wing                Right Wing               Time % Phy DF OF 
 1 Tyler Seguin             Antoine Roussel          David Pastrnak           33     0   2  3  
 2 Ryan O'Reilly            Jonathan Marchessault    Joe Pavelski             31     0   2  3  
 3 Riley Nash               Ryan Donato              Ryan Spooner             23     1   2  2  
 4 Derek MacKenzie          Brad Marchand            Tim Schaller             13     1   3  1  

5 vs 5 Defense 
   Defense                  Defense                                           Time % Phy DF OF 
 1 Charlie McAvoy           Kevan Miller                                      38     1   2  2  
 2 Torey Krug               Adam McQuaid                                      37     1   2  2  
 3 Will Butcher             Brandon Carlo                                     25     1   2  2  
 4 Charlie McAvoy           Torey Krug                                        0      1   2  2  

PowerPlay Forward 
   Center                   Left Wing                Right Wing               Time % Phy DF OF 
 1 Tyler Seguin             Riley Nash               David Pastrnak           50     1   1  3  
 2 Ryan O'Reilly            Jonathan Marchessault    Joe Pavelski             50     1   1  3  

PowerPlay Defense
   Defense                  Defense                                           Time % Phy DF OF 
 1 Charlie McAvoy           Torey Krug                                        60     1   1  3  
 2 Will Butcher             Brandon Carlo                                     40     1   1  3  

Penalty Kill 4 Players Forward 
   Center                   Wing                     Time % Phy DF OF 
 1 Derek MacKenzie          Riley Nash               55     1   3  1  
 2 Ryan O'Reilly            Tim Schaller             45     1   3  1  

Penalty Kill 4 Players Defense
   Defense                  Defense                  Time % Phy DF OF 
 1 Torey Krug               Charlie McAvoy           50     1   3  1  
 2 Will Butcher             Brandon Carlo            50     1   3  1  

Penalty Kill - 3 Players Forward 
   Forward                                           Time % Phy DF OF 
 1 Derek MacKenzie                                   50     1   4  0  
 2 Riley Nash                                        50     1   4  0  

Penalty Kill - 3 Players Defense
   Defense                  Defense                  Time % Phy DF OF 
 1 Will Butcher             Brandon Carlo            50     1   2  2  
 2 Charlie McAvoy           Torey Krug               50     1   2  2  

4 vs 4 Forward 
   Center                   Wing                     Time % Phy DF OF 
 1 Tyler Seguin             Ryan O'Reilly            50     1   1  3  
 2 Joe Pavelski             David Pastrnak           50     1   1  3  

4 vs 4 Defense
   Defense                  Defense                  Time % Phy DF OF 
 1 Charlie McAvoy           Torey Krug               50     1   2  2  
 2 Brandon Carlo            Will Butcher             50     1   2  2  

Last Minutes Offensive
   Center                   Left Wing                Right Wing               Defense                  Defense                  
   Tyler Seguin             Antoine Roussel          David Pastrnak           Charlie McAvoy           Torey Krug               

Last Minutes Defensive
   Center                   Left Wing                Right Wing               Defense                  Defense                  
   Ryan O'Reilly            Derek MacKenzie          Riley Nash               Kevan Miller             Adam McQuaid             

Goaltenders
Starting : Aaron Dell               
Backup : Tuukka Rask              

Extra Forwards
Normal : David Pastrnak, Ryan Spooner, Tyler Seguin - PP : Riley Nash, Ryan Spooner - PK : Tyler Seguin
Extra Defensemen
Normal : Will Butcher, Brandon Carlo, Charlie McAvoy - PP : Will Butcher - PK : Brandon Carlo, Charlie McAvoy
Penalty Shots
Riley Nash, Tyler Seguin, Ryan O'Reilly, Joe Pavelski, David Pastrnak
Custom OT Lines Forwards
Antoine Roussel, Tyler Seguin, Ryan O'Reilly, Joe Pavelski, David Pastrnak, Jonathan Marchessault, Riley Nash, Ryan Spooner, Tim Schaller, Derek MacKenzie
Custom OT Lines Defensemen
Charlie McAvoy, Torey Krug, Brandon Carlo, Kevan Miller, Will Butcher

Scratches
Niklas Hjalmarsson (Healthy), Noel Acciari (Healthy), Austin Czarnik (Healthy)

Washington Capitals

5 vs 5 Forward 
   Center                   Left Wing                Right Wing               Time % Phy DF OF 
 1 Evgeny Kuznetsov         Alex Ovechkin            T.J. Oshie               30     1   1  3  
 2 Nicklas Backstrom        Patrick Marleau          Zach Parise              30     1   1  3  
 3 Jay Beagle               Brett Connolly           Justin Williams          23     1   1  3  
 4 Chandler Stephenson      Jakub Vrana              Jussi Jokinen            17     2   2  1  

5 vs 5 Defense 
   Defense                  Defense                                           Time % Phy DF OF 
 1 John Carlson             Jason Demers                                      35     1   3  1  
 2 Matt Niskanen            Jordie Benn                                       33     1   3  1  
 3 Dmitry Orlov             Madison Bowey                                     25     1   3  1  
 4 John Carlson             Matt Niskanen                                     7      1   3  1  

PowerPlay Forward 
   Center                   Left Wing                Right Wing               Time % Phy DF OF 
 1 Nicklas Backstrom        Alex Ovechkin            Evgeny Kuznetsov         50     0   0  5  
 2 Patrick Marleau          Zach Parise              T.J. Oshie               50     0   0  5  

PowerPlay Defense
   Defense                  Defense                                           Time % Phy DF OF 
 1 John Carlson             Dmitry Orlov                                      50     0   1  4  
 2 Matt Niskanen            Justin Williams                                   50     0   1  4  

Penalty Kill 4 Players Forward 
   Center                   Wing                     Time % Phy DF OF 
 1 Jay Beagle               Justin Williams          50     0   4  1  
 2 Alex Ovechkin            Jussi Jokinen            50     0   4  1  

Penalty Kill 4 Players Defense
   Defense                  Defense                  Time % Phy DF OF 
 1 Matt Niskanen            Dmitry Orlov             50     1   3  1  
 2 John Carlson             Jordie Benn              50     1   3  1  

Penalty Kill - 3 Players Forward 
   Forward                                           Time % Phy DF OF 
 1 Jay Beagle                                        50     1   4  0  
 2 Alex Ovechkin                                     50     1   4  0  

Penalty Kill - 3 Players Defense
   Defense                  Defense                  Time % Phy DF OF 
 1 Matt Niskanen            Dmitry Orlov             50     1   4  0  
 2 John Carlson             Jordie Benn              50     1   4  0  

4 vs 4 Forward 
   Center                   Wing                     Time % Phy DF OF 
 1 Nicklas Backstrom        Alex Ovechkin            50     0   1  4  
 2 Evgeny Kuznetsov         Patrick Marleau          50     0   1  4  

4 vs 4 Defense
   Defense                  Defense                  Time % Phy DF OF 
 1 John Carlson             Dmitry Orlov             50     1   3  1  
 2 Matt Niskanen            Madison Bowey            50     1   3  1  

Last Minutes Offensive
   Center                   Left Wing                Right Wing               Defense                  Defense                  
   Evgeny Kuznetsov         Alex Ovechkin            T.J. Oshie               Zach Parise              John Carlson             

Last Minutes Defensive
   Center                   Left Wing                Right Wing               Defense                  Defense                  
   Jay Beagle               Nicklas Backstrom        T.J. Oshie               Dmitry Orlov             John Carlson             

Goaltenders
Starting : Philipp Grubauer         
Backup : Braden Holtby            

Extra Forwards
Normal : Alex Ovechkin, Justin Williams, Nicklas Backstrom - PP : Nicklas Backstrom, Alex Ovechkin - PK : Alex Ovechkin
Extra Defensemen
Normal : Matt Niskanen, Dmitry Orlov, John Carlson - PP : Jordie Benn - PK : Matt Niskanen, John Carlson
Penalty Shots
Alex Ovechkin, Justin Williams, Evgeny Kuznetsov, Nicklas Backstrom, Jay Beagle
Custom OT Lines Forwards
Nicklas Backstrom, Alex Ovechkin, Evgeny Kuznetsov, Zach Parise, Patrick Marleau, Justin Williams, Jay Beagle, Brett Connolly, T.J. Oshie, Jakub Vrana
Custom OT Lines Defensemen
John Carlson, Matt Niskanen, Dmitry Orlov, Jordie Benn, Madison Bowey

Scratches
Ryan Carpenter (Healthy)

% Time on Ice - Boston Bruins

Lines # - Real PCT - Wanted PCT - Time Play
Normal Forward
1 - 31% - 33% - 15:13
2 - 27% - 31% - 13:28
3 - 23% - 23% - 11:15
4 - 19% - 13% - 9:37
Normal Defense
1 - 40% - 38% - 19:38
2 - 37% - 37% - 18:22
3 - 22% - 25% - 11:07
4 - 1% - 0% - 0:26
PP Forward
1 - 35% - 50% - 2:06
2 - 65% - 50% - 3:51
PP Defense
1 - 69% - 60% - 4:05
2 - 31% - 40% - 1:52
PK Forward
1 - 57% - 55% - 2:19
2 - 43% - 45% - 1:45
PK Defense
1 - 53% - 50% - 2:10
2 - 47% - 50% - 1:54
PK3 Forward
1 - 0% - 50%
2 - 0% - 50%
PK3 Defense
1 - 0% - 50%
2 - 0% - 50%
44 Forward
1 - 0% - 50%
2 - 0% - 50%
44 Defense
1 - 0% - 50%
2 - 0% - 50%
Last Minute Offensive  - 0:26
Last Minute Defensive  - 0:00
Total
Forward - 60:00
Defense - 60:00

% Time on Ice - Washington Capitals

Lines # - Real PCT - Wanted PCT - Time Play
Normal Forward
1 - 29% - 30% - 14:34
2 - 30% - 30% - 14:50
3 - 23% - 23% - 11:33
4 - 18% - 17% - 9:02
Normal Defense
1 - 37% - 35% - 18:26
2 - 35% - 33% - 17:21
3 - 25% - 25% - 12:18
4 - 4% - 7% - 1:54
PP Forward
1 - 52% - 50% - 2:07
2 - 48% - 50% - 1:57
PP Defense
1 - 46% - 50% - 1:52
2 - 54% - 50% - 2:12
PK Forward
1 - 52% - 50% - 3:04
2 - 48% - 50% - 2:53
PK Defense
1 - 54% - 50% - 3:12
2 - 46% - 50% - 2:45
PK3 Forward
1 - 0% - 50%
2 - 0% - 50%
PK3 Defense
1 - 0% - 50%
2 - 0% - 50%
44 Forward
1 - 0% - 50%
2 - 0% - 50%
44 Defense
1 - 0% - 50%
2 - 0% - 50%
Last Minute Offensive  - 0:00
Last Minute Defensive  - 0:00
Total
Forward - 60:00
Defense - 60:00

Play-by-Play

1st period


0:01 of 1st period - Tyler Seguin wins face-off versus Evgeny Kuznetsov in neutral zone.
0:12 of 1st period - Slapshot by David Pastrnak.
0:12 of 1st period - Shot Blocked by John Carlson.
0:25 of 1st period - Icing by Jonathan Marchessault.
0:26 of 1st period - Ryan O'Reilly wins face-off versus Nicklas Backstrom in Boston Bruins zone.
0:57 of 1st period - Snap shot by Nicklas Backstrom.
0:57 of 1st period - Shot Misses the Net.
0:59 of 1st period - Snap shot by Matt Niskanen.
0:59 of 1st period - Stopped by Aaron Dell without a rebound.
1:00 of 1st period - Riley Nash wins face-off versus Jay Beagle in Boston Bruins zone.
1:48 of 1st period - Slapshot by Brad Marchand.
1:48 of 1st period - Stopped by Philipp Grubauer without a rebound.
1:49 of 1st period - Derek MacKenzie wins face-off versus Chandler Stephenson in Washington Capitals zone.
2:18 of 1st period - Slapshot by Chandler Stephenson.
2:18 of 1st period - Deflect By Derek MacKenzie.
2:18 of 1st period - Stopped by Aaron Dell with a rebound.
2:43 of 1st period - Minor Penalty to Tim Schaller for Holding.
2:44 of 1st period - Nicklas Backstrom wins face-off versus Tyler Seguin in Boston Bruins zone.
2:57 of 1st period - Off-side.
2:58 of 1st period - Patrick Marleau wins face-off versus Ryan O'Reilly in neutral zone.
4:43 of 1st period - Penalty to Tim Schaller is over, Tim Schaller is back on ice.
5:02 of 1st period - Adam McQuaid is hit by Jussi Jokinen and loses puck.
5:30 of 1st period - Ryan Donato is hit by Jay Beagle and loses puck.
7:14 of 1st period - Snap shot by Jakub Vrana.
7:14 of 1st period - Stopped by Aaron Dell with a rebound.
7:28 of 1st period - Dmitry Orlov is hit by Tyler Seguin and loses puck.
7:53 of 1st period - Wrist shot by Tim Schaller.
7:53 of 1st period - Deflect By Dmitry Orlov.
7:53 of 1st period - Shot Blocked by Chandler Stephenson.
7:53 of 1st period - Puck is out of play.
7:54 of 1st period - Chandler Stephenson wins face-off versus Derek MacKenzie in Washington Capitals zone.
7:58 of 1st period - Off-side.
7:59 of 1st period - Evgeny Kuznetsov wins face-off versus Ryan O'Reilly in neutral zone.
9:25 of 1st period - Wrist shot by Ryan O'Reilly.
9:25 of 1st period - Shot Misses the Net.
9:27 of 1st period - Wrist shot by Joe Pavelski.
9:27 of 1st period - Stopped by Philipp Grubauer with a rebound.
9:29 of 1st period - Slapshot by Ryan O'Reilly.
9:29 of 1st period - Stopped by Philipp Grubauer without a rebound.
9:30 of 1st period - Tyler Seguin wins face-off versus Nicklas Backstrom in Washington Capitals zone.
9:57 of 1st period - Kevan Miller is hit by Jason Demers and loses puck.
10:04 of 1st period - Slapshot by Brett Connolly.
10:04 of 1st period - Shot Misses the Net.
10:14 of 1st period - Chandler Stephenson is hit by Charlie McAvoy.
10:22 of 1st period - Tim Schaller is hit by Chandler Stephenson and loses puck.
10:52 of 1st period - Off-side.
10:53 of 1st period - Jay Beagle wins face-off versus Riley Nash in neutral zone.
11:06 of 1st period - Snap shot by Justin Williams.
11:06 of 1st period - Shot Blocked by Adam McQuaid.
11:20 of 1st period - Jason Demers is hit by Adam McQuaid and loses puck.
11:46 of 1st period - Chandler Stephenson is hit by Tim Schaller and loses puck.
12:25 of 1st period - Snap shot by Riley Nash.
12:25 of 1st period - Stopped by Philipp Grubauer with a rebound.
12:27 of 1st period - Slapshot by Charlie McAvoy.
12:27 of 1st period - Shot Blocked by Matt Niskanen.
12:29 of 1st period - Snap shot by Riley Nash.
12:29 of 1st period - Shot Misses the Net.
12:41 of 1st period - Jordie Benn is hit by Antoine Roussel and loses puck.
13:14 of 1st period - Snap shot by Ryan O'Reilly.
13:14 of 1st period - Stopped by Philipp Grubauer without a rebound.
13:15 of 1st period - Evgeny Kuznetsov wins face-off versus Tyler Seguin in Washington Capitals zone.
13:50 of 1st period - Wrist shot by Riley Nash.
13:50 of 1st period - Shot Misses the Net.
13:52 of 1st period - Wrist shot by Brandon Carlo.
13:52 of 1st period - Shot Misses the Net.
14:16 of 1st period - Backhand shot by Patrick Marleau.
14:16 of 1st period - Shot Misses the Net.
14:18 of 1st period - Minor Penalty to Brad Marchand for Tripping.
14:19 of 1st period - Nicklas Backstrom wins face-off versus Derek MacKenzie in Boston Bruins zone.
14:24 of 1st period - Slapshot by Alex Ovechkin.
14:24 of 1st period - Goal by Alex Ovechkin - Boston Bruins : 0 - Washington Capitals : 1.
14:25 of 1st period - Tyler Seguin wins face-off versus Evgeny Kuznetsov in neutral zone.
14:40 of 1st period - Off-side.
14:41 of 1st period - Ryan O'Reilly wins face-off versus Zach Parise in neutral zone.
14:44 of 1st period - Snap shot by Jonathan Marchessault.
14:44 of 1st period - Shot Blocked by Zach Parise.
14:52 of 1st period - Slapshot by Patrick Marleau.
14:52 of 1st period - Shot Blocked by Charlie McAvoy.
14:56 of 1st period - Wrist shot by Nicklas Backstrom.
14:56 of 1st period - Stopped by Aaron Dell with a rebound.
15:35 of 1st period - Off-side.
15:36 of 1st period - Ryan O'Reilly wins face-off versus Patrick Marleau in neutral zone.
15:41 of 1st period - Snap shot by Joe Pavelski.
15:41 of 1st period - Shot Blocked by John Carlson.
15:43 of 1st period - Slapshot by Brandon Carlo.
15:43 of 1st period - Deflect By Joe Pavelski.
15:43 of 1st period - Stopped by Philipp Grubauer without a rebound.
15:44 of 1st period - Nicklas Backstrom wins face-off versus Ryan O'Reilly in Washington Capitals zone.
15:44 of 1st period - Nicklas Backstrom is hit by Joe Pavelski.
16:04 of 1st period - Snap shot by Joe Pavelski.
16:04 of 1st period - Deflect By Jonathan Marchessault.
16:04 of 1st period - Shot Misses the Net.
16:04 of 1st period - Puck is out of play.
16:05 of 1st period - Tyler Seguin wins face-off versus Evgeny Kuznetsov in Washington Capitals zone.
16:43 of 1st period - Snap shot by Riley Nash.
16:43 of 1st period - Shot Misses the Net.
17:43 of 1st period - Snap shot by David Pastrnak.
17:43 of 1st period - Stopped by Philipp Grubauer without a rebound.
17:44 of 1st period - Tyler Seguin wins face-off versus Zach Parise in Washington Capitals zone.
17:57 of 1st period - Wrist shot by Patrick Marleau.
17:57 of 1st period - Shot Misses the Net.
17:59 of 1st period - Slapshot by Dmitry Orlov.
17:59 of 1st period - Stopped by Aaron Dell without a rebound.
18:00 of 1st period - Evgeny Kuznetsov wins face-off versus Jonathan Marchessault in Boston Bruins zone.
18:11 of 1st period - Slapshot by Evgeny Kuznetsov.
18:11 of 1st period - Stopped by Aaron Dell with a rebound.
18:13 of 1st period - Slapshot by John Carlson.
18:13 of 1st period - Stopped by Aaron Dell with a rebound.
18:15 of 1st period - Slapshot by Evgeny Kuznetsov.
18:15 of 1st period - Shot Misses the Net.
18:25 of 1st period - Brett Connolly is hit by Antoine Roussel and loses puck.
18:34 of 1st period - Kevan Miller is hit by Brett Connolly and loses puck.
19:05 of 1st period - Snap shot by Jakub Vrana.
19:05 of 1st period - Shot Misses the Net.
19:11 of 1st period - Jakub Vrana is hit by Adam McQuaid and loses puck.
19:54 of 1st period - Icing by John Carlson.
19:55 of 1st period - Riley Nash wins face-off versus Nicklas Backstrom in Washington Capitals zone.
Goals for this period are 0 for Boston Bruins vs 1 for Washington Capitals.
Shots for this period are 7 for Boston Bruins vs 8 for Washington Capitals.

2nd period


0:01 of 2nd period - Tyler Seguin wins face-off versus Evgeny Kuznetsov in neutral zone.
0:49 of 2nd period - Kevan Miller is hit by Nicklas Backstrom and loses puck.
1:34 of 2nd period - Snap shot by Jakub Vrana.
1:34 of 2nd period - Shot Blocked by Antoine Roussel.
1:46 of 2nd period - Evgeny Kuznetsov is hit by Adam McQuaid and loses puck.
1:55 of 2nd period - Snap shot by Joe Pavelski.
1:55 of 2nd period - Shot Misses the Net.
2:11 of 2nd period - Wrist shot by Riley Nash.
2:11 of 2nd period - Stopped by Philipp Grubauer without a rebound.
2:12 of 2nd period - Nicklas Backstrom wins face-off versus Riley Nash in Washington Capitals zone.
2:37 of 2nd period - Adam McQuaid is hit by Justin Williams and loses puck.
2:45 of 2nd period - Off-side.
2:46 of 2nd period - Tyler Seguin wins face-off versus Evgeny Kuznetsov in neutral zone.
2:55 of 2nd period - Wrist shot by Tyler Seguin.
2:55 of 2nd period - Shot Blocked by John Carlson.
2:57 of 2nd period - Slapshot by Brandon Carlo.
2:57 of 2nd period - Deflect By John Carlson.
2:57 of 2nd period - Stopped by Philipp Grubauer with a rebound.
2:59 of 2nd period - Slapshot by Tyler Seguin.
2:59 of 2nd period - Stopped by Philipp Grubauer without a rebound.
3:00 of 2nd period - Patrick Marleau wins face-off versus Ryan O'Reilly in Washington Capitals zone.
3:09 of 2nd period - Slapshot by John Carlson.
3:09 of 2nd period - Deflect By Joe Pavelski.
3:09 of 2nd period - Stopped by Aaron Dell with a rebound.
3:15 of 2nd period - Snap shot by Patrick Marleau.
3:15 of 2nd period - Shot Blocked by Joe Pavelski.
3:21 of 2nd period - Minor Penalty to Jonathan Marchessault for Diving.
3:22 of 2nd period - Patrick Marleau wins face-off versus Derek MacKenzie in Boston Bruins zone.
3:25 of 2nd period - Wrist shot by T.J. Oshie.
3:25 of 2nd period - Shot Misses the Net.
5:21 of 2nd period - Penalty to Jonathan Marchessault is over, Jonathan Marchessault is back on ice.
5:45 of 2nd period - Slapshot by Jonathan Marchessault.
5:45 of 2nd period - Shot Misses the Net.
5:47 of 2nd period - Snap shot by Antoine Roussel.
5:47 of 2nd period - Stopped by Philipp Grubauer with a rebound.
5:49 of 2nd period - Snap shot by Tyler Seguin.
5:49 of 2nd period - Stopped by Philipp Grubauer with a rebound.
5:51 of 2nd period - Wrist shot by Antoine Roussel.
5:51 of 2nd period - Shot Blocked by Justin Williams.
5:53 of 2nd period - Slapshot by Will Butcher.
5:53 of 2nd period - Deflect By Justin Williams.
5:53 of 2nd period - Stopped by Philipp Grubauer with a rebound.
5:55 of 2nd period - Wrist shot by Antoine Roussel.
5:55 of 2nd period - Stopped by Philipp Grubauer without a rebound.
5:56 of 2nd period - Evgeny Kuznetsov wins face-off versus Riley Nash in Washington Capitals zone.
6:29 of 2nd period - Icing by Derek MacKenzie.
6:30 of 2nd period - Chandler Stephenson wins face-off versus Ryan O'Reilly in Boston Bruins zone.
6:51 of 2nd period - Wrist shot by Joe Pavelski.
6:51 of 2nd period - Shot Misses the Net.
6:53 of 2nd period - Wrist shot by Torey Krug.
6:53 of 2nd period - Stopped by Philipp Grubauer without a rebound.
6:54 of 2nd period - Riley Nash wins face-off versus Evgeny Kuznetsov in Washington Capitals zone.
7:03 of 2nd period - Snap shot by Riley Nash.
7:03 of 2nd period - Shot Misses the Net.
7:19 of 2nd period - T.J. Oshie is hit by Ryan Spooner and loses puck.
7:39 of 2nd period - Snap shot by Ryan Spooner.
7:39 of 2nd period - Deflect By Riley Nash.
7:39 of 2nd period - Stopped by Philipp Grubauer with a rebound.
7:47 of 2nd period - Charlie McAvoy is hit by T.J. Oshie and loses puck.
8:12 of 2nd period - Snap shot by Alex Ovechkin.
8:12 of 2nd period - Shot Misses the Net.
8:14 of 2nd period - Snap shot by T.J. Oshie.
8:14 of 2nd period - Stopped by Aaron Dell without a rebound.
8:15 of 2nd period - Jay Beagle wins face-off versus Tyler Seguin in Boston Bruins zone.
8:16 of 2nd period - Wrist shot by Justin Williams.
8:16 of 2nd period - Stopped by Aaron Dell without a rebound.
8:17 of 2nd period - Tyler Seguin wins face-off versus Jay Beagle in Boston Bruins zone.
8:42 of 2nd period - Justin Williams is hit by Tim Schaller and loses puck.
8:51 of 2nd period - Brett Connolly is hit by Adam McQuaid and loses puck.
9:24 of 2nd period - Slapshot by John Carlson.
9:24 of 2nd period - Shot Hit the Post.
9:46 of 2nd period - Kevan Miller is hit by Jakub Vrana and loses puck.
10:22 of 2nd period - Tyler Seguin is hit by Jordie Benn and loses puck.
10:29 of 2nd period - Jordie Benn is hit by David Pastrnak and loses puck.
10:52 of 2nd period - Ryan Spooner is hit by Alex Ovechkin.
11:21 of 2nd period - Minor Penalty to Madison Bowey for Slashing.
11:22 of 2nd period - Tyler Seguin wins face-off versus Jay Beagle in Washington Capitals zone.
11:35 of 2nd period - Snap shot by David Pastrnak.
11:35 of 2nd period - Shot Misses the Net.
11:37 of 2nd period - Slapshot by Riley Nash.
11:37 of 2nd period - Shot Blocked by Dmitry Orlov.
11:51 of 2nd period - Dmitry Orlov is hit by Will Butcher and loses puck.
13:21 of 2nd period - Penalty to Madison Bowey is over, Madison Bowey is back on ice.
13:32 of 2nd period - Snap shot by Nicklas Backstrom.
13:32 of 2nd period - Stopped by Aaron Dell with a rebound.
13:34 of 2nd period - Snap shot by Patrick Marleau.
13:34 of 2nd period - Shot Blocked by Derek MacKenzie.
13:36 of 2nd period - Snap shot by Nicklas Backstrom.
13:36 of 2nd period - Shot Misses the Net.
14:16 of 2nd period - Tyler Seguin is hit by Brett Connolly and loses puck.
14:49 of 2nd period - Tim Schaller is hit by Chandler Stephenson and loses puck.
15:02 of 2nd period - Patrick Marleau is hit by Antoine Roussel and loses puck.
15:13 of 2nd period - Ryan Spooner is hit by T.J. Oshie and loses puck.
15:19 of 2nd period - Icing by Charlie McAvoy.
15:20 of 2nd period - Evgeny Kuznetsov wins face-off versus Riley Nash in Boston Bruins zone.
15:21 of 2nd period - Snap shot by Alex Ovechkin.
15:21 of 2nd period - Stopped by Aaron Dell without a rebound.
15:22 of 2nd period - Jay Beagle wins face-off versus Jonathan Marchessault in Boston Bruins zone.
15:46 of 2nd period - Dmitry Orlov is hit by Antoine Roussel and loses puck.
16:06 of 2nd period - Torey Krug is hit by Alex Ovechkin and loses puck.
16:33 of 2nd period - Snap shot by Brad Marchand.
16:33 of 2nd period - Deflect By Dmitry Orlov.
16:33 of 2nd period - Shot Blocked by Madison Bowey.
16:33 of 2nd period - Puck is out of play.
16:34 of 2nd period - Derek MacKenzie wins face-off versus Jay Beagle in Washington Capitals zone.
16:35 of 2nd period - Wrist shot by Brad Marchand.
16:35 of 2nd period - Goal by Brad Marchand - Boston Bruins : 1 - Washington Capitals : 1.
16:36 of 2nd period - Jay Beagle wins face-off versus Tyler Seguin in neutral zone.
17:32 of 2nd period - Off-side.
17:33 of 2nd period - Tyler Seguin wins face-off versus Jay Beagle in neutral zone.
17:42 of 2nd period - Wrist shot by Tyler Seguin.
17:42 of 2nd period - Stopped by Philipp Grubauer without a rebound.
17:43 of 2nd period - Tyler Seguin wins face-off versus Jay Beagle in Washington Capitals zone.
17:54 of 2nd period - Wrist shot by Tyler Seguin.
17:54 of 2nd period - Shot Misses the Net.
18:00 of 2nd period - Snap shot by David Pastrnak.
18:00 of 2nd period - Shot Blocked by Jay Beagle.
18:02 of 2nd period - Slapshot by Torey Krug.
18:02 of 2nd period - Deflect By Tyler Seguin.
18:02 of 2nd period - Stopped by Philipp Grubauer with a rebound.
18:04 of 2nd period - Slapshot by Antoine Roussel.
18:04 of 2nd period - Shot Misses the Net.
18:06 of 2nd period - Slapshot by Adam McQuaid.
18:06 of 2nd period - Stopped by Philipp Grubauer with a rebound.
18:08 of 2nd period - Slapshot by Tyler Seguin.
18:08 of 2nd period - Shot Blocked by Jason Demers.
18:10 of 2nd period - Snap shot by Antoine Roussel.
18:10 of 2nd period - Stopped by Philipp Grubauer without a rebound.
18:11 of 2nd period - Nicklas Backstrom wins face-off versus Ryan O'Reilly in Washington Capitals zone.
18:11 of 2nd period - Nicklas Backstrom is hit by Kevan Miller.
18:39 of 2nd period - Snap shot by Alex Ovechkin.
18:39 of 2nd period - Shot Blocked by Kevan Miller.
19:23 of 2nd period - Justin Williams is hit by Antoine Roussel and loses puck.
19:42 of 2nd period - Wrist shot by Joe Pavelski.
19:42 of 2nd period - Deflect By Zach Parise.
19:42 of 2nd period - Shot Misses the Net.
19:42 of 2nd period - Puck is out of play.
19:43 of 2nd period - Nicklas Backstrom wins face-off versus Ryan O'Reilly in Washington Capitals zone.
19:50 of 2nd period - Wrist shot by Nicklas Backstrom.
19:50 of 2nd period - Deflect By Patrick Marleau.
19:50 of 2nd period - Stopped by Aaron Dell with a rebound.
19:55 of 2nd period - Off-side.
19:56 of 2nd period - Tyler Seguin wins face-off versus Evgeny Kuznetsov in neutral zone.
Goals for this period are 1 for Boston Bruins vs 0 for Washington Capitals.
Shots for this period are 14 for Boston Bruins vs 6 for Washington Capitals.

3rd period


0:01 of 3rd period - Tyler Seguin wins face-off versus Evgeny Kuznetsov in neutral zone.
0:26 of 3rd period - Ryan O'Reilly is hit by Nicklas Backstrom and loses puck.
0:32 of 3rd period - Icing by Kevan Miller.
0:33 of 3rd period - Jay Beagle wins face-off versus Ryan O'Reilly in Boston Bruins zone.
0:38 of 3rd period - Wrist shot by Jay Beagle.
0:38 of 3rd period - Shot Misses the Net.
0:40 of 3rd period - Snap shot by Justin Williams.
0:40 of 3rd period - Shot Misses the Net.
0:42 of 3rd period - Snap shot by Jay Beagle.
0:42 of 3rd period - Shot Blocked by Ryan O'Reilly.
0:44 of 3rd period - Wrist shot by Justin Williams.
0:44 of 3rd period - Shot Misses the Net.
0:46 of 3rd period - Slapshot by Jordie Benn.
0:46 of 3rd period - Deflect By Ryan O'Reilly.
0:46 of 3rd period - Stopped by Aaron Dell with a rebound.
0:48 of 3rd period - Slapshot by Matt Niskanen.
0:48 of 3rd period - Stopped by Aaron Dell without a rebound.
0:49 of 3rd period - Tyler Seguin wins face-off versus Evgeny Kuznetsov in Boston Bruins zone.
0:58 of 3rd period - Evgeny Kuznetsov is hit by David Pastrnak and loses puck.
1:05 of 3rd period - Torey Krug is hit by T.J. Oshie and loses puck.
1:37 of 3rd period - Snap shot by Ryan O'Reilly.
1:37 of 3rd period - Shot Misses the Net.
1:39 of 3rd period - Slapshot by Charlie McAvoy.
1:39 of 3rd period - Stopped by Philipp Grubauer with a rebound.
1:41 of 3rd period - Slapshot by Kevan Miller.
1:41 of 3rd period - Stopped by Philipp Grubauer without a rebound.
1:42 of 3rd period - Nicklas Backstrom wins face-off versus Ryan O'Reilly in Washington Capitals zone.
1:42 of 3rd period - Nicklas Backstrom is hit by Kevan Miller.
2:04 of 3rd period - Jordie Benn is hit by Jonathan Marchessault and loses puck.
2:20 of 3rd period - Minor Penalty to T.J. Oshie for Hooking.
2:21 of 3rd period - Alex Ovechkin wins face-off versus Tyler Seguin in Washington Capitals zone.
2:37 of 3rd period - Snap shot by David Pastrnak.
2:37 of 3rd period - Deflect By Tyler Seguin.
2:37 of 3rd period - Shot Blocked by Matt Niskanen.
2:37 of 3rd period - Puck is out of play.
2:38 of 3rd period - Ryan O'Reilly wins face-off versus Alex Ovechkin in Washington Capitals zone.
2:45 of 3rd period - Wrist shot by Jonathan Marchessault.
2:45 of 3rd period - Shot Blocked by Jordie Benn.
3:26 of 3rd period - Wrist shot by Justin Williams.
3:26 of 3rd period - Shot Blocked by Riley Nash.
4:20 of 3rd period - Penalty to T.J. Oshie is over, T.J. Oshie is back on ice.
4:45 of 3rd period - Wrist shot by Patrick Marleau.
4:45 of 3rd period - Shot Misses the Net.
4:47 of 3rd period - Wrist shot by Nicklas Backstrom.
4:47 of 3rd period - Stopped by Aaron Dell with a rebound.
5:25 of 3rd period - Antoine Roussel is hit by Patrick Marleau and loses puck.
5:57 of 3rd period - David Pastrnak is hit by Zach Parise and loses puck.
6:08 of 3rd period - Patrick Marleau is hit by Charlie McAvoy.
6:12 of 3rd period - Jordie Benn is hit by Torey Krug and loses puck.
6:25 of 3rd period - Snap shot by Patrick Marleau.
6:25 of 3rd period - Stopped by Aaron Dell without a rebound.
6:26 of 3rd period - Joe Pavelski wins face-off versus Evgeny Kuznetsov in Boston Bruins zone.
6:52 of 3rd period - Dmitry Orlov is hit by Ryan Spooner and loses puck.
7:43 of 3rd period - Tim Schaller is hit by Justin Williams.
7:47 of 3rd period - Jordie Benn is hit by Will Butcher and loses puck.
7:52 of 3rd period - Wrist shot by Brad Marchand.
7:52 of 3rd period - Deflect By Derek MacKenzie.
7:52 of 3rd period - Stopped by Philipp Grubauer with a rebound.
7:54 of 3rd period - Snap shot by Tim Schaller.
7:54 of 3rd period - Shot Misses the Net.
7:56 of 3rd period - Slapshot by Brandon Carlo.
7:56 of 3rd period - Deflect By Jay Beagle.
7:56 of 3rd period - Stopped by Philipp Grubauer with a rebound.
7:58 of 3rd period - Wrist shot by Tim Schaller.
7:58 of 3rd period - Goal by Tim Schaller - Boston Bruins : 2 - Washington Capitals : 1.
7:59 of 3rd period - Ryan O'Reilly wins face-off versus Evgeny Kuznetsov in neutral zone.
8:02 of 3rd period - Wrist shot by Joe Pavelski.
8:02 of 3rd period - Stopped by Philipp Grubauer with a rebound.
8:04 of 3rd period - Snap shot by Joe Pavelski.
8:04 of 3rd period - Shot Misses the Net.
8:24 of 3rd period - Snap shot by Ryan Donato.
8:24 of 3rd period - Shot Misses the Net.
8:26 of 3rd period - Wrist shot by Ryan Donato.
8:26 of 3rd period - Stopped by Philipp Grubauer with a rebound.
8:28 of 3rd period - Wrist shot by Riley Nash.
8:28 of 3rd period - Shot Blocked by Jason Demers.
9:49 of 3rd period - Jay Beagle is hit by Torey Krug and loses puck.
10:28 of 3rd period - Derek MacKenzie is hit by Chandler Stephenson and loses puck.
10:48 of 3rd period - Torey Krug is hit by Evgeny Kuznetsov and loses puck.
10:49 of 3rd period - Torey Krug from Boston Bruins is injured at 10:49 of 3rd period (Left Knee).
10:50 of 3rd period - Joe Pavelski wins face-off versus Evgeny Kuznetsov in Boston Bruins zone.
10:59 of 3rd period - Slapshot by Alex Ovechkin.
10:59 of 3rd period - Shot Misses the Net.
12:07 of 3rd period - Snap shot by Zach Parise.
12:07 of 3rd period - Stopped by Aaron Dell without a rebound.
12:08 of 3rd period - Ryan O'Reilly wins face-off versus Nicklas Backstrom in Boston Bruins zone.
12:08 of 3rd period - Ryan O'Reilly is hit by Jason Demers.
12:18 of 3rd period - Snap shot by Patrick Marleau.
12:18 of 3rd period - Goal by Patrick Marleau - Boston Bruins : 2 - Washington Capitals : 2.
12:19 of 3rd period - Tyler Seguin wins face-off versus Evgeny Kuznetsov in neutral zone.
12:22 of 3rd period - Snap shot by Tyler Seguin.
12:22 of 3rd period - Shot Misses the Net.
13:14 of 3rd period - Slapshot by John Carlson.
13:14 of 3rd period - Stopped by Aaron Dell without a rebound.
13:15 of 3rd period - Chandler Stephenson wins face-off versus Riley Nash in Boston Bruins zone.
13:16 of 3rd period - Snap shot by Jakub Vrana.
13:16 of 3rd period - Stopped by Aaron Dell without a rebound.
13:17 of 3rd period - Chandler Stephenson wins face-off versus Tyler Seguin in Boston Bruins zone.
13:26 of 3rd period - Snap shot by Chandler Stephenson.
13:26 of 3rd period - Shot Misses the Net.
13:28 of 3rd period - Slapshot by Chandler Stephenson.
13:28 of 3rd period - Shot Misses the Net.
13:30 of 3rd period - Backhand shot by Jordie Benn.
13:30 of 3rd period - Shot Blocked by Charlie McAvoy.
13:32 of 3rd period - Slapshot by Jordie Benn.
13:32 of 3rd period - Deflect By Charlie McAvoy.
13:32 of 3rd period - Stopped by Aaron Dell without a rebound.
13:33 of 3rd period - Ryan O'Reilly wins face-off versus Evgeny Kuznetsov in Boston Bruins zone.
13:40 of 3rd period - Snap shot by Evgeny Kuznetsov.
13:40 of 3rd period - Shot Blocked by Will Butcher.
13:42 of 3rd period - Slapshot by Madison Bowey.
13:42 of 3rd period - Stopped by Aaron Dell with a rebound.
13:44 of 3rd period - Slapshot by Evgeny Kuznetsov.
13:44 of 3rd period - Shot Blocked by Jonathan Marchessault.
13:46 of 3rd period - Snap shot by Evgeny Kuznetsov.
13:46 of 3rd period - Stopped by Aaron Dell without a rebound.
13:47 of 3rd period - Nicklas Backstrom wins face-off versus Tyler Seguin in Boston Bruins zone.
13:54 of 3rd period - Wrist shot by Nicklas Backstrom.
13:54 of 3rd period - Stopped by Aaron Dell with a rebound.
13:56 of 3rd period - Slapshot by Zach Parise.
13:56 of 3rd period - Deflect By Nicklas Backstrom.
13:56 of 3rd period - Stopped by Aaron Dell with a rebound.
13:58 of 3rd period - Slapshot by Zach Parise.
13:58 of 3rd period - Shot Blocked by Kevan Miller.
14:12 of 3rd period - Matt Niskanen is hit by Jonathan Marchessault and loses puck.
14:18 of 3rd period - Dmitry Orlov is hit by Charlie McAvoy and loses puck.
14:35 of 3rd period - Slapshot by Ryan Spooner.
14:35 of 3rd period - Shot Blocked by Justin Williams.
14:41 of 3rd period - Riley Nash is hit by Justin Williams and loses puck.
15:07 of 3rd period - Minor Penalty to Jason Demers for Hooking.
15:08 of 3rd period - Ryan O'Reilly wins face-off versus Alex Ovechkin in Washington Capitals zone.
15:33 of 3rd period - Jonathan Marchessault is hit by Alex Ovechkin.
15:39 of 3rd period - Jussi Jokinen is hit by Adam McQuaid and loses puck.
15:59 of 3rd period - Dmitry Orlov is hit by Jonathan Marchessault and loses puck.
16:30 of 3rd period - Jordie Benn is hit by Ryan O'Reilly and loses puck.
16:48 of 3rd period - Jay Beagle is hit by Kevan Miller and loses puck.
17:07 of 3rd period - Penalty to Jason Demers is over, Jason Demers is back on ice.
17:07 of 3rd period - Wrist shot by Ryan O'Reilly.
17:07 of 3rd period - Deflect By Jonathan Marchessault.
17:07 of 3rd period - Shot Misses the Net.
17:07 of 3rd period - Puck is out of play.
17:08 of 3rd period - Riley Nash wins face-off versus Nicklas Backstrom in Washington Capitals zone.
17:16 of 3rd period - Icing by Patrick Marleau.
17:17 of 3rd period - Nicklas Backstrom wins face-off versus Riley Nash in Washington Capitals zone.
17:21 of 3rd period - Off-side.
17:22 of 3rd period - Chandler Stephenson wins face-off versus Riley Nash in neutral zone.
17:58 of 3rd period - Wrist shot by David Pastrnak.
17:58 of 3rd period - Shot Misses the Net.
18:00 of 3rd period - Slapshot by Charlie McAvoy.
18:00 of 3rd period - Shot Misses the Net.
18:02 of 3rd period - Snap shot by David Pastrnak.
18:02 of 3rd period - Shot Blocked by Jordie Benn.
18:16 of 3rd period - Snap shot by Justin Williams.
18:16 of 3rd period - Goal by Justin Williams - Boston Bruins : 2 - Washington Capitals : 3.
18:17 of 3rd period - Jay Beagle wins face-off versus Riley Nash in neutral zone.
18:42 of 3rd period - John Carlson is hit by Brandon Carlo and loses puck.
18:53 of 3rd period - Wrist shot by Tyler Seguin.
18:53 of 3rd period - Stopped by Philipp Grubauer with a rebound.
18:55 of 3rd period - Slapshot by Adam McQuaid.
18:55 of 3rd period - Stopped by Philipp Grubauer with a rebound.
19:05 of 3rd period - Boston Bruins, Aaron Dell is pulled from the net.
19:24 of 3rd period - Snap shot by Chandler Stephenson.
19:24 of 3rd period - Goal by Chandler Stephenson - Boston Bruins : 2 - Washington Capitals : 4.
19:24 of 3rd period - Aaron Dell from Boston Bruins was sent back in the game.
19:25 of 3rd period - Jay Beagle wins face-off versus Riley Nash in neutral zone.
19:47 of 3rd period - Icing by Brett Connolly.
19:48 of 3rd period - Nicklas Backstrom wins face-off versus Tyler Seguin in Washington Capitals zone.
19:57 of 3rd period - Wrist shot by Zach Parise.
19:57 of 3rd period - Stopped by Aaron Dell without a rebound.
19:58 of 3rd period - Jay Beagle wins face-off versus Ryan Donato in Boston Bruins zone.
Goals for this period are 1 for Boston Bruins vs 3 for Washington Capitals.
Shots for this period are 9 for Boston Bruins vs 16 for Washington Capitals.